 Dungeon Crawl Stone Soup version 0.31.0-11-ge490571c62 (webtiles) character file.

Game seed: 6322566128956052421

53643 GrumpyGrim72 the Eclecticist (level 14, -1/120 HPs)
             Began as a Deep Elf Conjurer on Jan 24, 2024.
             Was an Elder of Sif Muna.
             Shot with an arrow by a centaur (3 damage)
             ... led by a centaur warrior
             ... on level 13 of the Dungeon on Jan 26, 2024.
             The game lasted 02:44:59 (32657 turns).

GrumpyGrim72 the Eclecticist (Deep Elf Conjurer)   Turns: 32657, Time: 02:44:59

Health: -1/120     AC: 27    Str:  6    XL:     14   Next: 31%
Magic:  0/31       EV:  2    Int: 29    God:    Sif Muna [****..]
Gold:   865        SH:  0    Dex: 17    Spells: 2/43 levels left

rFire   . . .        N - staff of the Shifting Gods {rElec rC+ Will+ Dex+2 Summ Air}
rCold   + . .        (no shield)
rNeg    . . .        j - melded +5 ring mail of Quantum Leap {Dex+4}
rPois   +            E - melded +0 helmet
rElec   +            (cloak currently unavailable)
rCorr   .            a - melded +0 pair of gloves
SInv    +            J - melded +0 pair of boots
Will    +++..        b - amulet of guardian spirit
Stlth   +            B - ring "Zisoz" {Fly rPois Will+ Str+2 Dex+2}
HPRegen 0.40/turn    K - ring of see invisible
MPRegen 0.22/turn

%: guardian spirit
@: confused, tree-form, ambrosia-drunk
A: stationary, stasis, torment immunity, boosted hp, (fire resistance 1), low MP
1, MP-powered wands
a: Renounce Religion, Channel Magic, Forget Spell, Divine Exegesis


You were on level 13 of the Dungeon.
You worshipped Sif Muna.
Sif Muna was greatly pleased with you.
You were a tree.
You visited 3 branches of the dungeon, and saw 20 of its levels.

You collected 865 gold pieces.

Inventory:

Hand Weapons
 i - the +4 dagger of Feijan {antimagic, rElec rPois rC+}
   (You found it on level 2 of the Dungeon)

   rC+:       It protects you from cold.
   rElec:     It insulates you from electricity.
   rPois:     It protects you from poison
 l - a +3 dagger
 M - the +3 hand axe "Tutahely" {flame, *Noise rElec Int+5}
   (You found it on level 4 of the Lair of Beasts)

   Int+5:     It affects your intelligence (+5).
   rElec:     It insulates you from electricity.
   *Noise:    It may make a loud noise when swung.
Armour
 a - a +0 pair of gloves (melded)
 j - the +5 ring mail of Quantum Leap (melded) {Dex+4}
   (You found it on level 3 of the Dungeon)

   Dex+4:     It affects your dexterity (+4).
 m - the +3 leather armour of Fone {rCorr Dex+5}
   (You found it on level 11 of the Dungeon)

   Dex+5:     It affects your dexterity (+5).
   rCorr:     It protects you from acid and corrosion.
 E - a +0 helmet (melded)
 J - a +0 pair of boots (melded)
Magical Staves
 N - the staff of the Shifting Gods (weapon) {rElec rC+ Will+ Dex+2 Summ Air}
   (You found it on level 5 of the Lair of Beasts)

   [staff of air]

   Base accuracy: +5 Base damage: 5 Base attack delay: 1.2 This weapon's minimum
   attack delay (0.6) is reached at skill level 12.
   Dex+2:     It affects your dexterity (+2).
   rC+:       It protects you from cold.
   rElec:     It insulates you from electricity.
   Will+:     It increases your willpower.
   Summ:      It increases the power of your Summonings spells.
   Air:       It increases the power of your Air spells.
   It falls into the 'Staves' category.
   It is a one-handed weapon.
Jewellery
 b - an amulet of guardian spirit (around neck)
 u - a ring of protection from fire
 w - a +4 ring of protection
 y - a +4 ring of protection
 B - the ring "Zisoz" (left branch) {Fly rPois Will+ Str+2 Dex+2}
   (You took it off a spriggan on level 5 of the Lair of Beasts)

   [ring of willpower]

   Str+2:     It affects your strength (+2).
   Dex+2:     It affects your dexterity (+2).
   rPois:     It protects you from poison Will+: It increases your willpower.
   Fly:       It grants you flight.
 K - a ring of see invisible (right branch)
 P - a +6 ring of strength
Wands
 n - a wand of roots (15)
 t - a wand of flame (7)
 x - a wand of mindburst (11)
 C - a wand of light (3)
 I - a wand of paralysis (8)
Scrolls
 f - 3 scrolls of amnesia
 g - a scroll of identify
 k - 2 scrolls of teleportation
 o - 5 scrolls of revelation
 q - a scroll of fog
 r - 5 scrolls of poison
 s - 2 scrolls of immolation
 v - 4 scrolls of fear
 G - 2 scrolls of blinking
 O - a scroll of enchant weapon
Potions
 c - a potion of enlightenment
 d - 9 potions of curing
 e - 5 potions of lignification
 h - 2 potions of degeneration {unknown}
 p - 4 potions of mutation
 A - a potion of brilliance
 D - 2 potions of haste
 F - 3 potions of berserk rage
 H - a potion of cancellation


   Skills:
 * Level 6.1 Fighting
 - Level 6.3 Short Blades
 * Level 1.9 Staves
 * Level 6.1 Armour
 + Level 4.1 Dodging
 + Level 3.8 Stealth
 + Level 0.5 Unarmed Combat
 * Level 15.2 Spellcasting
 * Level 11.9 Conjurations
 * Level 7.1 Translocations
 * Level 5.0 Fire Magic
 * Level 4.5 Air Magic
 * Level 7.1 Earth Magic
 * Level 7.1 Alchemy
 * Level 6.3 Invocations
 * Level 7.1 Evocations


You had 2 spell levels left.
You knew the following spells:

 Your Spells              Type           Power      Damage    Failure   Level
a - Magic Dart            Conj           100%       1d8       0%          1
b - Searing Ray           Conj           100%       2d8       1%          2
c - Fulminant Prism       Conj/Alch      33%        3d15      1%          4
d - Iskenderun's Mystic   Conj/Tloc      67%        2d14      1%          4
e - Sandblast             Erth           100%       2d20      1%          1
f - Stone Arrow           Conj/Erth      100%       3d13      1%          3
g - Arcjolt               Conj/Air       40%        1d50      1%          5
h - Flame Wave            Conj/Fire      64%        2d15      1%          4
i - Irradiate             Conj/Alch      33%        3d22      1%          5
j - Starburst             Conj/Fire      32%        6d10      10%         6
k - Conjure Ball Lightni  Conj/Air       40%        3x3d13    12%         6

Your spell library contained the following spells:

 Spells                   Type           Power      Damage    Failure   Level
 Scorch                   Fire           100%       2d9       1%          2
 Summon Small Mammal      Summ           100%       N/A       2%          1
 Sublimation of Blood     Necr           22%        N/A       3%          2
 Dazzling Flash           Conj/Hex       100%       N/A       1%          3
 Passwall                 Erth           59%        N/A       1%          3
 Volatile Blastmotes      Fire/Tloc      100%       2d18      1%          3
 Brom's Barrelling Bould  Conj/Erth      67%        2d8       1%          4
 Passage of Golubria      Tloc           59%        N/A       1%          4
 Petrify                  Alch/Erth      59%        N/A       1%          4
 Vhi's Electric Charge    Tloc/Air       100%       N/A       1%          4
 Tukima's Dance           Hex            22%        N/A       7%          3
 Yara's Violent Unravell  Hex/Alch       21%        3d10      14%         5
 Plasma Beam              Fire/Air       33%        2x1d46    43%         6
 Summon Cactus Giant      Summ           16%        N/A       98%         6
 Discord                  Hex            11%        N/A       100%        8
 Disjunction              Tloc           29%        N/A       100%        8
 Maxwell's Capacitive Co  Air            32%        ∞         100%        8


Dungeon Overview and Level Annotations

Branches:
Dungeon (14/15)            Temple (1/1) D:6            Lair (5/5) D:9
 Shoals (0/4) Lair:2        Snake (0/4) Lair:2        Slime (0/5) Lair:5
    Orc (0/2) D:10
 Vaults: D:13-14

Altars:
Ashenzari
Cheibriados
Dithmenos
Elyvilon
Fedhas
Gozag
Hepliaklqana
Kikubaaqudgha
Makhleb
Nemelex Xobeh
Okawaru
Qazlal
Ru
Sif Muna
Trog
Uskayaw
Vehumet
Wu Jian
Xom
Yredelemnul
Zin
The Shining One
Jiyva
Lugonu

Shops:
D:1 !

Portals:
Abyss: Lair:5

Annotations:
D:6 3 runed translucent doors, rozman's ghost, novice DECj
D:12 2 runed translucent doors, exclusion: orange crystal statue
Lair:1 2 transporters, DoNotCum's ghost, journeyman DECj
Lair:3 exclusion: oklob plant


Innate Abilities, Weirdness & Mutations

You are a tree.
Your roots penetrate the ground, keeping you stationary.
You cannot be teleported.
You are immune to unholy pain and torment.
Your maximum health is greatly increased.
Your equipment is partially melded.
((Your flesh is heat resistant. (rF+)))
Your magical capacity is low. (-10% MP)
You expend magic power (3 MP) to strengthen your wands.


Message History

The stone arrow hits the centaur!!
The centaur is severely wounded.
The centaur wields a +0 shortbow.
The centaur shoots an arrow.
The arrow barely misses you.
The centaur warrior shoots an arrow.
The arrow closely misses you.
The centaur warrior shoots an arrow.
The arrow hits you!
* * * LOW HITPOINT WARNING * * *
As you read the scroll of fog, it dissolves into smoke.
The centaur shoots an arrow.
The arrow barely misses you.
The centaur shoots an arrow.
The arrow hits you.
* * * LOW HITPOINT WARNING * * *
The centaur warrior shoots an arrow.
The arrow hits you!
* * * LOW HITPOINT WARNING * * *
The centaur shoots an arrow.
The arrow hits you but does no damage.
The centaur shoots an arrow.
The arrow hits you but does no damage.
The air fills with toxic fumes!
As you read the scroll of poison, it crumbles to dust.
The centaur shoots an arrow.
The arrow hits you but does no damage.
The centaur shoots an arrow.
The arrow misses you.
The centaur warrior shoots an arrow.
The arrow misses you.
Okay, then.
You are confused.
You feel invigorated.
The centaur shoots an arrow.
The arrow hits you.
* * * LOW HITPOINT WARNING * * *
The centaur shoots an arrow.
The arrow hits you.
* * * LOW HITPOINT WARNING * * *
The centaur warrior shoots an arrow.
The arrow hits you!
* * * LOW HITPOINT WARNING * * *
The centaur shoots an arrow.
The arrow hits you but does no damage.
You turn into a tree.
Your +0 helmet melds into your body.
Your +0 pair of gloves melds into your body.
Your +0 pair of boots melds into your body.
The +5 ring mail of Quantum Leap {Dex+4} melds into your body.
Your roots penetrate the ground.
The centaur shoots an arrow.
The arrow hits you.
* * * LOW HITPOINT WARNING * * *
The centaur warrior shoots an arrow.
The arrow hits you!
* * * LOW HITPOINT WARNING * * *
The centaur shoots an arrow.
The arrow hits you.
You die...

,,,,,,,,,,***............,,,,,,,,
,,,,,,,,,*####§§§§§§§§§§.,,,,,,,,
**,,,,,,,*#..c§c§§§.§§§§.,,,,,,,,
,***,,,,*#...#§§§§§§§§§#.*,,,,,,,
,,,,,,,,,#..*#.§c§.§§§§§.,,,,,,,,
,<,,,,,,c..,*#§§§§§§§§...,,*,,,,,
,**,,,,...,,*#§§§§§§....#,,**,,,,
,,,,,,,..,,,,##§§§§.....#*,,,,,,,
,,,,,,,.,,,,**#§♣§§......**,*,,,,
,*,,,,,,,,,,**#§§§§.....#**,,,,,*
,*,,,,,,,,,,,#c#§##....#.,,,,,,,*
,,,,,,,,,*,*...#.#*....#,,,**,,,*
,,*,,,,,**,##....#,......,,,**,,*
,,*,,,,,,,,,##....,,.....,,,*****
,,,,,,***,,**###..,,.....,,,,*
>,,,,****,,,,**#...,,,,*,,,,,*
,,,,** *,,,,,,,,,,,,,,,,,,,***


You could see a centaur warrior and 2 centaurs.

Vanquished Creatures
  A hydra (Lair:2)
  A boulder beetle (D:12)
  2 two-headed ogres
  4 death yaks
  2 thrashing horrors (Lair:5)
  2 skysharks
  Sonja (Lair:3)
  2 large abominations
  A lindwurm (Lair:5)
  A manticore (D:11)
  A cyclops (D:11)
  2 ugly things
  20 elephants
  8 black mambas
  2 torpor snails (Lair:5)
  A gargoyle (D:11)
  A smoke demon (Lair:5)
  5 cane toads
  4 rime drakes
  9 komodo dragons
  2 trolls (D:11)
  2 polar bears
  Grinder (D:3)
  2 raiju (Lair:5)
  29 blink frogs
  3 slime creatures (D:12)
  A snapping turtle (Lair:2)
  2 dream sheep (Lair:5)
  Sigmund (D:2)
  Eustachio (D:6)
  2 ynoxinuls (Lair:5)
  3 wraiths
  A spriggan (shapeshifter) (Lair:5)
  A water elemental (Lair:2)
  12 small abominations (Lair:5)
  33 yaks
  2 spriggans (Lair:5)
  5 wyverns
  5 shadows
  2 humans (D:14)
  7 basilisks
  A fire bat (shapeshifter) (Lair:5)
  3 steam dragons
  2 chaos spawn (Lair:5)
  2 acid dragons
  26 water moccasins
  A black bear (D:7)
  4 orc warriors
  4 ice beasts
  An ogre (D:5)
  20 wolves
  A centaur (D:10)
  A phantom (D:5)
  2 kobold brigands
  10 bullfrogs
  A gnoll sergeant (D:8)
  3 scorpions
  15 wights
  4 killer bees (D:11)
  A bombardier beetle (D:5)
  6 howler monkeys
  4 jellies
  4 centaur zombies (D:9)
  A hound (D:5)
  9 orc priests
  2 gnoll boudas
  Ijyb (D:3)
  3 iguanas
  17 orc wizards
  Natasha (thrice) (D:3)
  A howler monkey zombie (D:9)
  5 adders
  15 gnolls
  A white imp (D:7)
  5 dart slugs
  2 ribbon worms
  40 orcs
  9 ball pythons
  6 endoplasms
  3 giant cockroaches
  4 goblins
  5 hobgoblins
  7 jackals
  12 kobolds
  3 quokkas
  2 bats
  2 frilled lizards
  8 rats
469 creatures vanquished.

Vanquished Creatures (collateral kills)
  2 ball lightnings (D:12)
2 creatures vanquished.

Vanquished Creatures (others)
  7 ball lightnings (D:11)
  92 fulminant prisms
99 creatures vanquished.

Grand Total: 570 creatures vanquished

Notes
Turn   | Place    | Note
-------+----------+-------------------------------------------
     0 | D:1      | GrumpyGrim72 the Deep Elf Conjurer began the quest for the
                  | Orb.
     0 | D:1      | Reached XP level 1. HP: 10/10 MP: 6/6
   121 | D:1      | Reached XP level 2. HP: 15/15 MP: 2/8
   288 | D:1      | Upgraded the game from 0.31.0-7-gf635a9b802 to
                  | 0.31.0-9-g3a7656b989
   292 | D:1      | Reached skill level 5 in Conjurations
   363 | D:1      | Found Bumif's Distillery.
   764 | D:2      | Reached XP level 3. HP: 19/19 MP: 6/9
   768 | D:2      | Learned a level 2 spell: Searing Ray
   828 | D:2      | Noticed Sigmund
   836 | D:2      | Killed Sigmund
   837 | D:2      | Reached skill level 1 in Short Blades
   837 | D:2      | Reached skill level 4 in Spellcasting
   837 | D:2      | Reached XP level 4. HP: 24/24 MP: 4/12
   837 | D:2      | Reached XP level 5. HP: 28/28 MP: 4/13
  1018 | D:2      | Reached skill level 1 in Armour
  1066 | D:2      | Reached skill level 1 in Fighting
  1399 | D:2      | Found a faded altar of an unknown god.
  1404 | D:2      | Got Plato's Information on Attendants
  1672 | D:2      | Identified the +4 dagger of Feijan {antimagic, rElec rPois
                  | rC+}
  2081 | D:3      | Identified the +5 ring mail of Quantum Leap {Dex+4}
  2203 | D:3      | Noticed Natasha
  2205 | D:3      | Killed Natasha
  2229 | D:3      | Noticed Natasha
  2569 | D:3      | Reached XP level 6. HP: 10/34 MP: 6/14
  2676 | D:3      | Killed Natasha
  2693 | D:3      | Noticed Natasha
  2696 | D:3      | Killed Natasha
  2929 | D:3      | Reached skill level 5 in Spellcasting
  2945 | D:3      | Noticed Grinder
  3056 | D:3      | Paralysed by Grinder for 5 turns
  3058 | D:3      | Noticed Ijyb
  3083 | D:3      | Killed Ijyb
  3084 | D:3      | Killed Grinder
  3085 | D:3      | Reached XP level 7. HP: 34/40 MP: 0/17
  4263 | D:4      | Reached skill level 6 in Spellcasting
  4503 | D:4      | Learned a level 4 spell: Fulminant Prism
  4542 | D:4      | Reached skill level 1 in Evocations
  4630 | D:4      | Reached skill level 7 in Spellcasting
  5029 | D:5      | Entered Level 5 of the Dungeon
  5048 | D:5      | Reached XP level 8. HP: 45/45 MP: 14/21
  5639 | D:5      | Reached skill level 1 in Alchemy
  6119 | D:6      | Noticed Eustachio
  6172 | D:6      | Killed Eustachio
  6173 | D:6      | Reached skill level 8 in Spellcasting
  6253 | D:6      | Found a runed translucent gate.
  6253 | D:6      | Found a runed translucent gate.
  6254 | D:6      | Found a runed translucent gate.
  6255 | D:6      | Noticed rozman's ghost (novice DECj)
  6676 | D:6      | Found a staircase to the Ecumenical Temple.
  6840 | Temple   | Entered the Ecumenical Temple
  6865 | Temple   | Became a worshipper of Sif Muna the Loreminder
  7009 | D:6      | Learned a level 4 spell: Iskenderun's Mystic Blast
  7048 | D:6      | Reached XP level 9. HP: 50/50 MP: 6/23
  7330 | D:6      | Found an ancient bone altar of Kikubaaqudgha.
  7352 | D:6      | Found a sparkling altar of Nemelex Xobeh.
  7817 | D:7      | Learned a level 1 spell: Sandblast
  7821 | D:7      | Learned a level 3 spell: Stone Arrow
  7917 | D:7      | Reached skill level 1 in Invocations
  8499 | D:7      | Reached skill level 1 in Earth Magic
  8765 | D:7      | You fall into a shaft and drop 3 floors!
  8765 | D:10     | Entered Level 10 of the Dungeon
  8893 | D:10     | Reached skill level 9 in Spellcasting
  8962 | D:10     | Reached skill level 1 in Translocations
  9154 | D:10     | Learned a level 5 spell: Arcjolt
  9265 | D:10     | Noticed a two-headed ogre
  9274 | D:10     | Killed a two-headed ogre
  9359 | D:10     | Reached XP level 10. HP: 56/56 MP: 18/25
  9643 | D:9      | Reached * piety under Sif Muna
  9787 | D:8      | Reached skill level 10 in Spellcasting
 10399 | D:8      | Noticed a two-headed ogre
 10430 | D:8      | Killed a two-headed ogre
 11245 | D:7      | You fall into a shaft and drop 2 floors!
 11266 | D:9      | Found a staircase to the Lair.
 11273 | D:9      | Reached ** piety under Sif Muna
 11750 | D:9      | Reached XP level 11. HP: 43/61 MP: 22/27
 11835 | D:9      | Reached skill level 11 in Spellcasting
 12424 | Lair:1   | Entered Level 1 of the Lair of Beasts
 12427 | Lair:1   | Found a transporter.
 12434 | Lair:1   | Found a transporter.
 12434 | Lair:1   | Noticed a lindwurm
 12434 | Lair:1   | Noticed DoNotCum's ghost (journeyman DECj)
 12462 | Lair:1   | Reached skill level 5 in Short Blades
 12468 | Lair:1   | Learned a level 4 spell: Flame Wave
 13044 | Lair:2   | Reached skill level 5 in Evocations
 13045 | Lair:2   | Reached *** piety under Sif Muna
 13047 | Lair:2   | Reached skill level 1 in Fire Magic
 13050 | Lair:2   | Reached skill level 5 in Earth Magic
 13352 | Lair:2   | Noticed a six-headed hydra
 13368 | Lair:2   | Killed a six-headed hydra
 13369 | Lair:2   | Reached skill level 1 in Air Magic
 13619 | Lair:2   | Reached skill level 5 in Alchemy
 13703 | Lair:2   | Reached skill level 12 in Spellcasting
 13969 | Lair:2   | Reached skill level 5 in Fighting
 14096 | Lair:2   | Found a staircase to the Shoals.
 14667 | Lair:2   | Reached XP level 12. HP: 36/68 MP: 23/30
 14668 | Lair:2   | Reached skill level 10 in Conjurations
 14670 | Lair:2   | Reached skill level 5 in Armour
 15001 | Lair:3   | Noticed Sonja
 15135 | Lair:3   | Gained mutation: You occasionally lose the ability to read
                  | scrolls when taking damage. [potion of mutation]
 15135 | Lair:3   | Gained mutation: You passively map a small area around you.
                  | [potion of mutation]
 15136 | Lair:3   | Lost mutation: You occasionally lose the ability to read
                  | scrolls when taking damage. [potion of mutation]
 15136 | Lair:3   | Lost mutation: You passively map a small area around you.
                  | [potion of mutation]
 15136 | Lair:3   | Gained mutation: Your magical capacity is low. (-10% MP)
                  | [potion of mutation]
 15136 | Lair:3   | Gained mutation: You expend magic power (3 MP) to
                  | strengthen your wands. [potion of mutation]
 15136 | Lair:3   | Gained mutation: Your flesh is heat resistant. (rF+)
                  | [potion of mutation]
 15159 | Lair:3   | Killed Sonja
 15160 | Lair:3   | Reached skill level 13 in Spellcasting
 15231 | Lair:3   | Found a burning altar of Makhleb.
 15614 | Lair:3   | Reached **** piety under Sif Muna
 15621 | Lair:3   | Learned a level 5 spell: Irradiate
 16322 | Lair:3   | Reached skill level 5 in Translocations
 17091 | Lair:3   | Upgraded the game from 0.31.0-9-g3a7656b989 to
                  | 0.31.0-10-gcf4a605ca0
 17712 | Lair:5   | Entered Level 5 of the Lair of Beasts
 17712 | Lair:5   | Found a viscous altar of Jiyva.
 17712 | Lair:5   | Found a staircase to the Slime Pits.
 17732 | Lair:5   | Noticed a death yak
 17735 | Lair:5   | Noticed a death yak
 17736 | Lair:5   | Noticed a death yak
 17737 | Lair:5   | Noticed a death yak
 17985 | Lair:3   | Reached skill level 5 in Invocations
 19130 | Lair:4   | Identified the +3 hand axe "Tutahely" {flame, *Noise rElec
                  | Int+5}
 19483 | Lair:5   | Reached XP level 13. HP: 74/74 MP: 18/29
 20521 | Lair:5   | Reached skill level 14 in Spellcasting
 23619 | Lair:5   | Identified the ring "Zisoz" {Fly rPois Will+ Str+2 Dex+2}
 24128 | Lair:5   | Learned a level 6 spell: Starburst
 25188 | Lair:5   | Found a corrupted altar of Lugonu.
 25188 | Lair:5   | Found a one-way gate to the infinite horrors of the Abyss.
 25193 | Lair:5   | Identified the staff of the Shifting Gods {rElec rC+ Will+
                  | Dex+2 Summ Air}
 26326 | Lair:2   | Found a staircase to the Snake Pit.
 26433 | Lair:2   | Learned a level 6 spell: Conjure Ball Lightning
 26812 | Lair:1   | You are sucked into a shaft and drop 1 floor!
 27036 | Lair:1   | Reached XP level 14. HP: 79/79 MP: 21/31
 28052 | Lair:1   | Reached skill level 1 in Staves
 28394 | D:9      | Upgraded the game from 0.31.0-10-gcf4a605ca0 to
                  | 0.31.0-11-ge490571c62
 28735 | D:10     | Found a staircase to the Orcish Mines.
 29414 | D:11     | Reached skill level 15 in Spellcasting
 29804 | D:11     | Identified the +3 leather armour of Fone {rCorr Dex+5}
 31293 | D:12     | Found a runed translucent door.
 31296 | D:12     | Found the +10 tower shield of Ignorance {rN+ Int-4}
 31311 | D:12     | Found a runed translucent door.
 31860 | D:12     | Reached skill level 5 in Fire Magic
 32305 | D:13     | HP: 1/80 [centaur/arrow[a centaur warrior] (6)]
 32307 | D:13     | You are sucked into a shaft and drop 1 floor!
 32589 | D:14     | Noticed an ironbound thunderhulk
 32656 | D:13     | HP: 4/80 [centaur warrior/arrow (4)]
 32657 | D:13     | Shot with an arrow by a centaur

Illustrated notes

Levels and vault maps discovered:
D:1:      scummos_arrival_star, layout_rooms, serial_shops,
          nicolae_shop_window_shopping, serial_rivers,
          chequers_serial_rivers_micro_d, chequers_serial_rivers_room_b,
          chequers_serial_rivers_micro_e, chequers_serial_rivers_large_a
D:2:      layout_loops_ring, shapermc_ecumenical_altar_rom_forum, uniq_sigmund
D:3:      layout_basic, grunt_decor_mini_mirrors, minmay_misc_feat_roman,
          st_stairs_2, uniq_natasha, uniq_ijyb, uniq_grinder
D:4:      layout_basic, kennysheep_dice
D:5:      layout_basic
D:6:      layout_rooms, mainiacjoe_overflow_swirl, minmay_temple_entry_slanted,
          gammafunk_ghost_split, uniq_eustachio
D:7:      layout_loops_cross, skrybe_limestone_x, minmay_holes,
          kennysheep_donut, chequers_serial_rivers_micro_d
D:8:      layout_loops_ring, chequers_serial_rivers_micro_a, grunt_ministairs_12
D:9:      layout_small_grid, lair_entry_dummy, serial_undead, serial_undead_e,
          serial_undead_c, serial_undead_c, serial_undead_f
D:10:     layout_irregular_city, david_orc_3
D:11:     layout_basic
D:12:     layout_roguey, chequers_guarded_unrand_ignorance
D:13:     layout_cave_pools
D:14:     layout_stronghold, hellmonk_vaults_keyhole, minivault_25,
          ploomutoo_gammafunk_ghost_potion_laboratory, serial_shops, shop
Temple:   nicolae_temple_bog_church
Lair:1:   layout_layer_cave, gammafunk_ghost_arena
Lair:2:   layout_regular_city, minmay_shoals_entry_hut,
          minmay_snake_entry_six_corridors
Lair:3:   layout_regular_city, lemuel_oklob_altar, uniq_sonja
Lair:4:   layout_big_grid, portal_ice_cave_rime
Lair:5:   hellmonk_lair_end_abyssal_woods, layout_gridlike,
          nicolae_slime_entry_field_trip, amcnicky_mini_pool_medium

Skill      XL: |  1  2  3  4  5  6  7  8  9 10 11 12 13 14 |
---------------+-------------------------------------------+-----
Conjurations   | 5 6 7 8 9 10 11 | 11.9
Short Blades   | 1 2 3 4 5 6 |  6.3
Spellcasting   | 4 5 7 8 9 10 12 13 14 15 | 15.2
Armour         | 1 3 4 5 6 |  6.1
Fighting       | 1 2 3 4 5 6 |  6.1
Evocations     | 1 2 3 4 5 6 7 |  7.1
Alchemy        | 1 2 3 5 6 7 |  7.1
Dodging        | 3 4 |  4.1
Stealth        | 3 |  3.8
Invocations    | 2 3 4 5 6 |  6.3
Earth Magic    | 2 4 5 6 7 |  7.1
Translocations | 1 3 4 5 7 |  7.1
Fire Magic     | 2 3 4 5 |  5.0
Air Magic      | 1 2 4 |  4.5
Staves         | 1 |  1.9
Unarmed Combat | |  0.5

Action                     |  1- 3 |  4- 6 |  7- 9 | 10-12 | 13-15 || total
---------------------------+-------+-------+-------+-------+-------++-------
  Melee: Unarmed           |    11 |       |       |       |       ||    11
         Dagger            |       |     6 |    24 |    55 |     6 ||    91
         Punch             |       |       |       |     3 |     1 ||     4
         Staff             |       |       |       |       |     4 ||     4
   Cast: Magic Dart        |    46 |    53 |   109 |    28 |    60 ||   296
         Searing Ray       |     1 |    18 |    42 |    16 |     4 ||    81
         Iskenderun's Myst |       |       |     3 |    63 |   113 ||   179
         Stone Arrow       |       |       |    28 |   169 |   187 ||   384
         Sandblast         |       |       |     7 |    24 |     7 ||    38
         Fulminant Prism   |       |       |       |    43 |    49 ||    92
         Flame Wave        |       |       |       |     2 |       ||     2
         Irradiate         |       |       |       |     6 |       ||     6
         Arcjolt           |       |       |       |     1 |     2 ||     3
         Starburst         |       |       |       |       |     1 ||     1
         Conjure Ball Ligh |       |       |       |       |     4 ||     4
  Evoke: Wand              |       |       |       |     1 |       ||     1
    Use: Scroll            |       |       |     7 |     5 |    18 ||    30
         Potion            |       |       |       |     8 |     5 ||    13
 Armour: Robe              |     8 |     8 |       |       |       ||    16
         Ring mail         |       |    14 |    79 |   227 |   206 ||   526
         Skin              |       |     3 |       |       |     3 ||     6
  Dodge: Dodged            |    12 |     8 |    47 |   101 |    90 ||   258
